 Dungeon Crawl Stone Soup version 0.28-a0-1524-ge72afd5fc6 (webtiles) character file.

Game seed: 4176407160317110570

42 issech the Vexing (level 3, -1/20 HPs)
             Began as a Deep Elf Arcane Marksman on Jan 17, 2022.
             Was a Follower of Trog.
             Slain by an adder (3 damage)
             ... on level 2 of the Dungeon.
             The game lasted 00:08:51 (1919 turns).

issech the Vexing (Deep Elf Arcane Marksman)        Turns: 1919, Time: 00:08:53

Health: -1/20      AC:  2    Str:  7    XL:     3   Next: 35%
Magic:  16/16      EV: 13    Int: 17    God:    Trog [*.....]
Gold:   117        SH:  0    Dex: 17    Spells: 4/5 levels left

rFire   . . .      SeeInvis .   a - +0 shortbow
rCold   . . .      Faith    +   (shield currently unavailable)
rNeg    . . .      Spirit   .   d - +0 robe
rPois   .          Reflect  .   (no helmet)
rElec   .          Harm     .   (no cloak)
rCorr   .          Rampage  .   (no gloves)
Will    .....                   (no boots)
Stlth   ++........              h - amulet of faith
HPRegen 0.06/turn               u - ring of magical power
MPRegen 0.15/turn               (no ring)

@: no status effects
A: no striking features
a: Renounce Religion, Berserk


You were on level 2 of the Dungeon.
You worshipped Trog.
Trog was aware of your devotion.
You visited 1 branch of the dungeon, and saw 2 of its levels.

You collected 117 gold pieces.

Inventory:

Hand Weapons
 a - a +0 shortbow (weapon)
 i - a +0 whip
 k - a +0 dagger
 l - a +0 hand axe
 n - a +0 club
 p - a +0 whip
 t - a +0 dagger
 v - a +0 whip
 w - a +0 hunting sling
 x - a +0 club
 y - a +0 whip
Missiles
 c - 20 arrows (quivered ammo)
 e - 97 stones
 q - 12 bolts
Armour
 d - a +0 robe (worn)
 f - a +0 helmet
 j - a +0 robe
 m - a +0 ring mail
 z - a +0 ring mail
Jewellery
 h - an amulet of faith (around neck)
 u - a ring of magical power (left hand)
Scrolls
 b - 2 scrolls of vulnerability {unknown}
 g - a scroll of immolation {unknown}
 o - 3 scrolls of identify {unknown}
 r - a scroll of holy word {unknown}
 s - 2 scrolls of teleportation {unknown}


   Skills:
 + Level 1.1 Fighting
 + Level 3.6 Bows
 + Level 2.7 Dodging
 + Level 0.3 Stealth
 - Level 1.5 Spellcasting
 - Level 4.9 Hexes


You had 4 spell levels left.
You knew the following spells:

 Your Spells              Type           Power      Damage    Failure   Level
a - Slow                  Hex            72%        N/A       2%          1

Your spell library contained the following spells:

 Spells                   Type           Power      Damage    Failure   Level
 Inner Flame              Hex/Fire       9%         N/A       22%         3
 Portal Projectile        Hex/Tloc       18%        N/A       22%         3
 Cause Fear               Hex            9%         N/A       26%         4


Dungeon Overview and Level Annotations

Branches:
Dungeon (2/15)

Altars:
Trog


Message History

Aim: an adder (lightly wounded, 42% to hit)
You shoot an arrow.
The arrow hits the adder but does no damage.
The adder is lightly wounded.
The adder bites you.
Fire: 25 arrows
Press: ? - help, Q - select action, (/) - cycle Shift-Dir - straight line, f/p - adder
Aim: an adder (lightly wounded, 42% to hit)
You shoot an arrow. The arrow barely misses the adder.
The adder bites you but does no damage.
Unknown command.
Fire: 24 arrows
Press: ? - help, Q - select action, (/) - cycle Shift-Dir - straight line, f/p - adder
Aim: an adder (lightly wounded, 42% to hit)
You shoot an arrow.
The arrow hits the adder but does no damage.
The adder is lightly wounded.
The adder closely misses you. The adder bites you.
* * * LOW HITPOINT WARNING * * *
Fire: 23 arrows
Press: ? - help, Q - select action, (/) - cycle Shift-Dir - straight line, f/p - adder
Aim: an adder (lightly wounded, 42% to hit)
You shoot an arrow. The arrow hits the adder.
The adder is heavily wounded.
The adder barely misses you.
Fire: 22 arrows
Press: ? - help, Q - select action, (/) - cycle Shift-Dir - straight line, f/p - adder
Aim: an adder (heavily wounded, 42% to hit)
You shoot an arrow. The arrow hits the adder.
The adder is almost dead.
The adder bites you.
* * * LOW HITPOINT WARNING * * *
The adder closely misses you.
Unknown command.
Fire: 21 arrows
Press: ? - help, Q - select action, (/) - cycle Shift-Dir - straight line, f/p - adder
Aim: an adder (almost dead, 42% to hit)
You shoot an arrow. The arrow misses the adder.
The adder bites you.
You die...

##..# #.# ## #
#..## #.# #
#.#######.# . .
### #.....# ..
#.##### ... #.#
.... ####.###
.....
#......#####...#
#......##.@S(#
#.........####
#......####
#......#
#......#
#......#
########


You could see an adder.

Vanquished Creatures
  2 worms (D:2)
  A dart slug (D:2)
  2 ball pythons
  3 endoplasms (D:1)
  A giant cockroach (D:2)
  4 goblins
  A hobgoblin (D:1)
  3 jackals (D:1)
  2 quokkas (D:2)
  2 bats
  2 frilled lizards
  4 kobolds
  4 rats
31 creatures vanquished.

Notes
Turn   | Place    | Note
-------+----------+-------------------------------------------
     0 | D:1      | issech the Deep Elf Arcane Marksman began the quest for the
                  | Orb.
     0 | D:1      | Reached XP level 1. HP: 11/11 MP: 5/5
    44 | D:1      | Found a faded altar of an unknown god.
   479 | D:1      | Reached XP level 2. HP: 15/16 MP: 6/6
  1328 | D:1      | Prayed at the altar of an unknown god.
  1328 | D:1      | Became a worshipper of Trog the Wrathful
  1328 | D:1      | Reached * piety under Trog
  1404 | D:2      | Reached skill level 1 in Fighting
  1524 | D:2      | Reached XP level 3. HP: 20/20 MP: 7/7
  1919 | D:2      | Slain by an adder

Illustrated notes

Levels and vault maps discovered:
D:1:      tarquinn_simple_flora_water_b, layout_loops_corners,
          shapermc_ecumenical_altar_totnotflames
D:2:      layout_rooms

Skill      XL: |  1  2 |
---------------+-------+-----
Fighting       | 1 |  1.1
Bows           | 3 |  3.6
Dodging        | |  2.7
Stealth        | |  0.3
Spellcasting   | |  1.5
Hexes          | |  4.9

Action                   || total
-------------------------++-------
 Fire: Shortbow          ||   102
Armor: Robe              ||    15
Dodge: Dodged            ||    47

Table legend: (Time is in decaauts)
 A = Elapsed time spent in this place.
 B = Non-inter-level travel time spent in this place.
 C = Inter-level travel time spent in this place.
 D = Time resting spent in this place.
 E = Time spent auto-exploring this place.
 F = Levels seen in this place.
 G = Mean time per level.
                   A        B        C        D        E       F      G
               +--------+--------+--------+--------+--------+-----+--------+
         Total |   1936 |   1936 |      0 |    198 |    701 |   2 |  968.0 |
       Dungeon |   1936 |   1936 |      0 |    198 |    701 |   2 |  968.0 |
               +--------+--------+--------+--------+--------+-----+--------+

Top non-repeatable levels by time:
     D:1: 1401 daAuts
     D:2: 534 daAuts
